 Dungeon Crawl Stone Soup version 0.25-a0-290-g4a1327ee3a (webtiles) character file.

Game seed: 14255696906954990955, levelgen mode: classic

575 Borgoz the Cutter (level 7, -2/60 HPs)
             Began as a Minotaur Gladiator on Dec 14, 2019.
             Was an Initiate of Okawaru.
             Slain by a sky beast (4 damage)
             ... on level 5 of the Dungeon.
             The game lasted 00:04:40 (3211 turns).

Borgoz the Cutter (Minotaur Gladiator)              Turns: 3211, Time: 00:04:40

Health: -2/60      AC:  8    Str: 19    XL:     7   Next: 12%
Magic:  7/8        EV: 13    Int:  6    God:    Okawaru [......]
Gold:   224        SH:  0    Dex: 12    Spells: 8/8 levels left

rFire    . . .     SeeInvis .   a - +0 rapier
rCold    . . .     Gourm    .   (no shield)
rNeg     . . .     Faith    .   m - +0 ring mail
rPois    .         Spirit   .   c - +0 hat
rElec    .         Reflect  .   (no cloak)
rCorr    .         Harm     .   o - +0 pair of gloves
MR       .....                  q - +0 pair of boots (curse)
Stlth    +.........             (no amulet)
HPRegen  0.20/turn              (no ring)
MPRegen  0.11/turn              (no ring)

@: no status effects
A: retaliatory headbutt, horns 2
a: Renounce Religion


You were on level 5 of the Dungeon.
You worshipped Okawaru.
Okawaru was noncommittal.
You were not hungry.

You visited 2 branches of the dungeon, and saw 6 of its levels.

You collected 224 gold pieces.

Inventory:

Hand Weapons
 a - a +0 rapier (weapon)
Missiles
 d - 3 throwing nets (quivered)
Armour
 c - a +0 hat (worn)
 m - a +0 ring mail (worn)
 o - a +0 pair of gloves (worn)
 q - a cursed +0 pair of boots (worn)
Wands
 p - a wand of paralysis (6)
 w - a wand of digging (5)
Scrolls
 e - a scroll of noise {unknown}
 g - a scroll of enchant armour {unknown}
 h - 2 scrolls of blinking {unknown}
 i - 2 scrolls of magic mapping {unknown}
 l - 3 scrolls of remove curse
 n - 2 scrolls of teleportation {unknown}
 s - a scroll of fear {unknown}
 u - a scroll of fog {unknown}
 x - a scroll of enchant weapon
Potions
 k - 3 potions of haste
 r - a potion of flight {unknown}
 t - 2 potions of mutation {unknown}
 v - a potion of heal wounds {unknown}
 z - 2 potions of magic
Comestibles
 f - 4 rations


   Skills:
 * Level 4.6 Fighting
 * Level 4.9 Short Blades
 - Level 2.0 Throwing
 * Level 3.6 Armour
 * Level 4.8 Dodging
 + Level 1.9 Stealth
 + Level 1.3 Spellcasting
 + Level 0.5 Invocations
 + Level 0.3 Evocations


You had 8 spell levels left.
You didn't know any spells.
Your spell library was empty.

Dungeon Overview and Level Annotations

Branches:
Dungeon (5/15)             Temple (1/1) D:4

Altars:
Ashenzari
Dithmenos
Elyvilon
Fedhas
Gozag
Hepliaklqana
Kikubaaqudgha
Makhleb
Nemelex Xobeh
Okawaru
Qazlal
Ru
Sif Muna
Trog
Vehumet
Wu Jian
Xom
Zin
The Shining One


Innate Abilities, Weirdness & Mutations

You reflexively headbutt those who attack you in melee.
You have a pair of horns on your head.


Message History

The orc priest hits you but does no damage.
Unknown command.
You hit the orc priest.
You kill the orc priest!
Okawaru accepts your kill. Something hits you but does no damage.
The crimson imp blinks!
You hit something but do no damage. Something hits you but does no damage.
You hit something but do no damage. You headbutt something.
The orc wizard points at you and mumbles some strange words.
The magic dart hits something.
Something hits you.
* * * LOW HITPOINT WARNING * * *
Something shocks you.
* * * LOW HITPOINT WARNING * * *
You miss something. Something hits you.
* * * LOW HITPOINT WARNING * * *
Something shocks you.
* * * LOW HITPOINT WARNING * * *
You barely miss something. Something hits you.
You die...

#......)....#
#...........#
####.####..##
#.####..#
#....# #....#
#.[..# #....#
#@#### #{#
#...)o)......
#............
#....5.......
#........$...
####..###..##
#(.# #+# ....


You could see an orc wizard and a crimson imp.

Vanquished Creatures
  A phantom (D:4)
  A howler monkey (D:4)
  A crimson imp (D:5)
  A hound (D:5)
  An orc priest (D:5)
  An orc wizard (D:5)
  2 centaur skeletons
  Terence (D:3)
  5 worker ants
  7 adders
  2 adder skeletons (D:4)
  3 worms
  2 dart slugs
  2 leopard geckos
  3 bats
  4 giant cockroaches
  A goblin (D:1)
  7 hobgoblins
  4 jackals (D:4)
  A quokka (D:4)
  2 frilled lizards (D:3)
  3 kobolds
  8 rats
63 creatures vanquished.

Notes
Turn   | Place    | Note
-------+----------+-------------------------------------------
     0 | D:1      | Borgoz the Minotaur Gladiator began the quest for the Orb.
     0 | D:1      | Reached XP level 1. HP: 18/18 MP: 0/0
   261 | D:1      | Reached XP level 2. HP: 21/25 MP: 1/1
   591 | D:2      | Reached skill level 1 in Armour
   595 | D:2      | Reached XP level 3. HP: 25/30 MP: 2/2
  1173 | D:3      | Found a radiant altar of Vehumet.
  1226 | D:3      | Noticed Terence
  1245 | D:3      | Killed Terence
  1245 | D:3      | Reached skill level 1 in Stealth
  1245 | D:3      | Reached XP level 4. HP: 24/38 MP: 3/3
  1805 | D:4      | Reached XP level 5. HP: 45/45 MP: 5/5
  1994 | D:5      | Entered Level 5 of the Dungeon
  2294 | D:4      | Noticed a phantom
  2295 | D:4      | Reached skill level 1 in Spellcasting
  2311 | D:4      | Killed a phantom
  2311 | D:4      | Reached XP level 6. HP: 25/52 MP: 6/6
  2466 | D:4      | Found a staircase to the Ecumenical Temple.
  2490 | Temple   | Entered the Ecumenical Temple
  2591 | Temple   | Became a worshipper of Warmaster Okawaru
  2801 | D:4      | Found a shimmering blue altar of Sif Muna.
  2850 | D:4      | Found a shadowy altar of Dithmenos.
  2952 | D:4      | Found a sacrificial altar of Ru.
  2954 | D:4      | Found a white marble altar of Elyvilon.
  2954 | D:4      | Found a shimmering altar of Xom.
  2956 | D:4      | Found an ornate altar of the Wu Jian Council.
  2956 | D:4      | Found a burning altar of Makhleb.
  2956 | D:4      | Found a shimmering altar of Xom.
  3173 | D:5      | Reached XP level 7. HP: 60/60 MP: 7/7
  3210 | D:5      | HP: 2/60 [something (6)]
  3211 | D:5      | Slain by a sky beast

Levels and vault maps discovered:
D:1:      dpeg_arrival_rooms_with_view, layout_basic
D:2:      layout_rooms
D:3:      layout_rooms, fiery_altar_vehumet, first_ration, minivault_11,
          lemuel_statue_altar, uniq_terence
D:4:      layout_cave_pools, nicolae_dithmenos_through_a_glass_darkly,
          led_sif_book, minmay_temple_entry_statues_pillars, doesnt_xom_only_xom
D:5:      layout_gridville, serial_shops, nicolae_shop_behind_doors, uniq_pikel,
          uniq_eustachio
Temple:   lightli_temple_of_artemis

Skill      XL: |  1  2  3  4  5 |
---------------+----------------+-----
Armour         | 1 2 3 |  3.6
Fighting       | 3 4 |  4.6
Stealth        | 1 |  1.9
Dodging        | 4 |  4.8
Short Blades   | 4 |  4.9
Spellcasting   | 1 |  1.3
Throwing       | |  2.0
Invocations    | |  0.5
Evocations     | |  0.3

Action                   |  1- 3 |  4- 6 |  7- 9 || total
-------------------------+-------+-------+-------++-------
Melee: Rapier            |    91 |    98 |    23 ||   212
       Headbutt          |    17 |    20 |     3 ||    40
  Use: Scroll            |     3 |     2 |       ||     5
       Potion            |       |     1 |     1 ||     2
 Stab: Sleeping          |     1 |     1 |       ||     2
  Eat: Chunk             |     1 |     6 |       ||     7
Armor: Leather armour    |    15 |    21 |       ||    36
       Ring mail         |       |     4 |    13 ||    17
Dodge: Dodged            |    48 |    71 |    11 ||   130

Table legend:
 A = Non-vault XP
 B = Vault XP
 C = Vault XP percentage of total XP
 D = Non-vault monster count
 E = Vault monster count
 F = Vault count percentage of total count
                 A         B        C        D         E       F
            +---------+---------+-------+---------+---------+-------
      Total |     784 |      38 |   4.6 |      60 |       3 |   4.8
            +---------+---------+-------+---------+---------+-------
        D:1 |      25 |       2 |   7.4 |      14 |       2 |  12.5
        D:2 |      34 |       0 |   0.0 |      11 |       0 |   0.0
        D:3 |      16 |      36 |  69.2 |       7 |       1 |  12.5
        D:4 |     447 |       0 |   0.0 |      20 |       0 |   0.0
        D:5 |     262 |       0 |   0.0 |       8 |       0 |   0.0
            +---------+---------+-------+---------+---------+-------
